 Dungeon Crawl Stone Soup version 0.28.0-43-g3370ac3207 (webtiles) character file.

Game seed: 14997654226981995185

9326 Orthodox the Fighter (level 11, -6/106 HPs)
             Began as a Minotaur Fighter on Mar 3, 2022.
             Was an Initiate of Yredelemnul.
             Killed from afar by an ogre mage (25 damage)
             ... with a bolt of magma
             ... on level 10 of the Dungeon.
             The game lasted 00:29:40 (10932 turns).

Orthodox the Fighter (Minotaur Fighter)            Turns: 10932, Time: 00:29:41

Health: -6/106     AC: 16    Str: 22    XL:     11   Next: 21%
Magic:  15/15      EV: 14    Int:  5    God:    Yredelemnul [......]
Gold:   499        SH:  6    Dex: 19    Spells: 10/10 levels left

rFire   . . .      SeeInvis .   K - +3 scimitar
rCold   . . .      Faith    .   c - +0 buckler
rNeg    . . .      Spirit   .   d - +5 scale mail "Pasozud" {rElec rPois}
rPois   +          Reflect  .   I - +2 hat
rElec   +          Harm     .   n - +0 cloak
rCorr   .          Rampage  .   p - +0 pair of gloves
Will    .....                   (no boots)
Stlth   ..........              (no amulet)
HPRegen 0.27/turn               i - +6 ring of dexterity
MPRegen 0.14/turn               (no ring)

@: studying Polearms
A: horns 2, retaliatory headbutt
a: Renounce Religion, Recall Undead Harvest


You were on level 10 of the Dungeon.
You worshipped Yredelemnul.
Yredelemnul was noncommittal.
You visited 2 branches of the dungeon, and saw 11 of its levels.
You also visited: Sewer.

You collected 499 gold pieces.

Inventory:

Hand Weapons
 K - a +3 scimitar (weapon)
Armour
 c - a +0 buckler (worn)
 d - the +5 scale mail "Pasozud" (worn) {rElec rPois}
   (You acquired it on level 5 of the Dungeon)

   rElec:     It insulates you from electricity.
   rPois:     It protects you from poison.
 n - a +0 cloak (worn)
 p - a +0 pair of gloves (worn)
 I - a +2 hat (worn)
Jewellery
 i - a +6 ring of dexterity (left hand)
 t - a ring of magical power
 C - a ring of ice
 J - a +6 ring of intelligence
 N - a ring of ice
Wands
 b - a wand of polymorph (7)
 k - a wand of digging (3)
 y - a wand of charming (9)
 B - a wand of paralysis (12)
 M - a wand of iceblast (5)
Scrolls
 a - a scroll of magic mapping {unknown}
 f - 2 scrolls of enchant weapon
 g - a scroll of vulnerability
 j - a scroll of blinking
 m - 3 scrolls of amnesia
 u - 3 scrolls of enchant armour
 w - a scroll of noise
 x - a scroll of torment {unknown}
 z - a scroll of fog {unknown}
 A - 5 scrolls of teleportation {unknown}
 E - a scroll of immolation {unknown}
 F - 6 scrolls of identify {@r1}
 G - a scroll of summoning {unknown}
Potions
 e - a potion of lignification {unknown}
 h - 4 potions of invisibility {unknown}
 l - 2 potions of curing {unknown}
 o - a potion of cancellation {unknown}
 q - a potion of ambrosia {unknown}
 r - a potion of attraction {unknown}
 s - 2 potions of berserk rage {unknown}
 v - a potion of heal wounds {unknown}
 D - 2 potions of brilliance {unknown}
 H - 2 potions of haste {unknown}
 L - a potion of might


   Skills:
 + Level 12.8 Fighting
 + Level 12.5 Long Blades
 - Level 4.0 Armour
 * Level 7.4 Dodging
 - Level 4.0 Shields
 * Level 6.7 Invocations


You had 10 spell levels left.
You didn't know any spells.
Your spell library contained the following spells:

 Spells                   Type           Power      Damage    Failure   Level
 Animate Skeleton         Necr           0%         N/A       87%         1
 Apportation              Tloc           0%         N/A       87%         1
 Foxfire                  Conj/Fire      0%         2x1d4     87%         1
 Summon Small Mammal      Summ           0%         N/A       87%         1
 Static Discharge         Conj/Air       0%         N/A       95%         2
 Conjure Flame            Conj/Fire      0%         6-21      99%         3
 Inner Flame              Hex/Fire       0%         N/A       99%         3
 Flame Wave               Conj/Fire      0%         2d4       100%        4
 Summon Ice Beast         Ice/Summ       0%         N/A       100%        4
 Lightning Bolt           Conj/Air       0%         1d11      100%        5
 Summon Mana Viper        Hex/Summ       0%         N/A       100%        5
 Monstrous Menagerie      Summ           0%         N/A       100%        7
 Maxwell's Capacitive Co  Air            0%         ∞         100%        8


Dungeon Overview and Level Annotations

Branches:
Dungeon (10/15)            Temple (1/1) D:7           Sewer (visited)
   Lair: D:8-11         Orc: D:9-12

Altars:
Ashenzari
Cheibriados
Dithmenos
Elyvilon
Fedhas
Gozag
Hepliaklqana
Kikubaaqudgha
Makhleb
Nemelex Xobeh
Okawaru
Qazlal
Ru
Sif Muna
Trog
Uskayaw
Vehumet
Wu Jian
Xom
Yredelemnul
Zin
The Shining One

Shops:
D:2 [   D:3 [   D:6 [   D:10 (

Annotations:
D:5 3 runed translucent doors, tylerjbraun's ghost, novice BaAM


Innate Abilities, Weirdness & Mutations

You have a pair of horns on your head.
You reflexively headbutt those who attack you in melee.


Message History

You barely miss the two-headed ogre.
Your headbutt misses the two-headed ogre.
The two-headed ogre is almost dead.
You block the two-headed ogre's attack. The two-headed ogre closely misses you.
You slice the two-headed ogre!!
You kill the two-headed ogre!
Something hits you.
You take 3 damage, and have 57/106 hp.
You swing at nothing.
You swing at nothing.
Something barely misses you.
Okay, then.
There is an open door here.
You hear some strange, mumbled words.
Something tries to affect you, but you resist.
MP restored: 15 You hear some strange, mumbled words.
Something hits you.
You take 5 damage, and have 55/106 hp.
Something hits you.
You take 1 damage, and have 54/106 hp.
The two-headed ogre misses you.
The two-headed ogre hits you with a +0 giant club!
Something hits you!
* * * LOW HITPOINT WARNING * * *
You take 26 damage, and have 28/106 hp.
MASSIVE DAMAGE!!
The two-headed ogre misses you. You furiously retaliate!
You headbutt the two-headed ogre! The two-headed ogre closely misses you.
An ogre mage appears from thin air!
Reactivating autopickup.
The two-headed ogre is no longer moving quickly.
There is an open door here.
There is an open door here.
The ogre mage gestures at you while chanting.
The bolt of magma hits you!!
* * * LOW HITPOINT WARNING * * *
You take 18 damage, and have 19/106 hp.
The ogre mage points at you and mumbles some strange words.
The bolt of magma hits you!!
You die...
Your body rises from the dead as a mindless zombie.

..#.....#.##..#####.##.#.....##..
..#...#.#.........#.##.#....OO..O
..#...#.#.........#....#....O....
..'.....#.##..#####....#.....##..
..#....##.##..#####.##.#.....##..
..#.#..#..#...##..#.##.#.........
#+#.#..#..#...##..#.##.O.........
.......#..######..'.OOO#.........
.......#..#..≈≈≈@.######.....####
##.....#..+..≈≈≈≈.....########...
....#..#..#...≈_≈.....## #...
.......####..≈≈.≈..#...# #...
#..##########≈≈.≈≈##..## #...
#..#..............##### #...
...#..................# #...
...#..................# #...
#..#.....###########..# #...


You could see a two-headed ogre, an ogre mage and 2 ogres.

Vanquished Creatures
  Gastronok (D:10)
  2 two-headed ogres (D:10)
  A centaur zombie (D:10)
  Grinder (D:5)
  A meliai zombie (D:10)
  3 wyverns
  9 yaks
  A vampire (D:5)
  A steam dragon (D:7)
  Menkaure (D:5)
  A water moccasin (D:8)
  2 orc warriors
  A necrophage (D:7)
  An ogre (D:10)
  3 centaurs
  2 phantoms
  8 kobold brigands
  A bullfrog (D:8)
  3 scorpions
  3 killer bees (D:9)
  4 wights (D:9)
  6 electric eels (D:5)
  A bullfrog zombie (D:5)
  4 hounds
  4 orc priests
  2 centaur skeletons
  2 iguanas
  5 orc wizards
  A hound skeleton (D:5)
  2 howler monkey zombies
  12 adders
  A river rat (Sewer)
  2 shadow imps
  5 worms
  5 dart slugs
  32 orcs
  20 endoplasms
  4 giant cockroaches
  9 goblins
  5 hobgoblins
  3 jackals (D:1)
  8 quokkas
  8 ball pythons
  2 bats
  6 frilled lizards
  26 kobolds
  7 rats
232 creatures vanquished.

Vanquished Creatures (collateral kills)
  A two-headed ogre (D:10)
  2 yaks (D:10)
  2 water moccasins (D:7)
  2 howler monkeys (D:7)
  A centaur skeleton (D:7)
  A jelly (D:7)
  An iguana (D:7)
  An orc (D:9)
11 creatures vanquished.

Vanquished Creatures (others)
  4 yak zombies
  An orc zombie (D:9)
  6 plants (D:5)
11 creatures vanquished.

Grand Total: 254 creatures vanquished

Notes
Turn   | Place    | Note
-------+----------+-------------------------------------------
     0 | D:1      | Orthodox the Minotaur Fighter began the quest for the Orb.
     0 | D:1      | Reached XP level 1. HP: 19/19 MP: 0/0
    97 | D:1      | Reached XP level 2. HP: 27/27 MP: 1/1
   320 | D:1      | Found a faded altar of an unknown god.
   389 | D:1      | Reached XP level 3. HP: 33/33 MP: 2/2
   925 | D:2      | Reached XP level 4. HP: 41/41 MP: 3/3
  1119 | D:2      | Found Rystojy's Armour Shoppe.
  1247 | D:3      | Reached skill level 5 in Fighting
  1364 | D:3      | Reached XP level 5. HP: 47/48 MP: 4/4
  1415 | D:3      | Found a glowing drain.
  1465 | Sewer    | Entered a sewer
  1522 | Sewer    | Reached skill level 5 in Long Blades
  1671 | Sewer    | Reached XP level 6. HP: 52/57 MP: 5/5
  2173 | Sewer    | Reached XP level 7. HP: 37/66 MP: 6/6
  2942 | D:3      | Found Juoff's Armour Boutique.
  4081 | D:4      | Reached XP level 8. HP: 48/75 MP: 7/7
  4409 | D:5      | Entered Level 5 of the Dungeon
  4452 | D:5      | Found a shimmering altar of Xom.
  4919 | D:5      | Found a runed translucent gate.
  4919 | D:5      | Found a runed translucent gate.
  4919 | D:5      | Found a runed translucent gate.
  4920 | D:5      | Noticed tylerjbraun's ghost (novice BaAM)
  4995 | D:5      | Noticed Grinder
  5084 | D:5      | Killed Grinder
  5087 | D:5      | Identified a scroll of acquirement
  5088 | D:5      | Acquired the +5 scale mail "Pasozud" {rElec rPois}
  5145 | D:5      | Noticed Menkaure
  5345 | D:5      | Killed Menkaure
  5629 | D:5      | Reached skill level 10 in Fighting
  5966 | D:5      | Reached skill level 10 in Long Blades
  6472 | D:6      | Reached XP level 9. HP: 86/86 MP: 8/8
  6649 | D:6      | Found Hojom's Armour Boutique.
  7252 | D:7      | Found a staircase to the Ecumenical Temple.
  7261 | Temple   | Entered the Ecumenical Temple
  7497 | Temple   | Became a worshipper of Yredelemnul the Dark
  7642 | D:7      | Found a sparkling altar of Nemelex Xobeh.
  7671 | D:7      | Reached * piety under Yredelemnul
  7742 | D:7      | Reached ** piety under Yredelemnul
  7848 | D:7      | Reached skill level 1 in Dodging
  7848 | D:7      | Reached skill level 1 in Invocations
  8755 | D:8      | Found a shadowy altar of Dithmenos.
  9267 | D:9      | Reached XP level 10. HP: 96/97 MP: 11/11
 10065 | D:10     | Entered Level 10 of the Dungeon
 10111 | D:10     | Found Osirgh's Weapon Boutique.
 10122 | D:10     | Reached skill level 5 in Dodging
 10282 | D:10     | Found a blossoming altar of Fedhas.
 10363 | D:10     | Noticed Gastronok
 10382 | D:10     | Killed Gastronok
 10383 | D:10     | Reached skill level 5 in Invocations
 10836 | D:10     | Noticed a two-headed ogre
 10848 | D:10     | Killed a two-headed ogre
 10849 | D:10     | Reached XP level 11. HP: 105/105 MP: 12/14
 10853 | D:10     | Noticed a two-headed ogre
 10854 | D:10     | Noticed a two-headed ogre
 10856 | D:10     | Noticed a two-headed ogre
 10857 | D:10     | Noticed an ogre mage
 10861 | D:10     | Killed a two-headed ogre
 10881 | D:10     | Killed a two-headed ogre
 10932 | D:10     | Killed from afar by an ogre mage

Illustrated notes

Levels and vault maps discovered:
D:1:      psy_arrival_radial01, layout_rooms, ebering_ecumenical_altar_rust
D:2:      layout_rooms, serial_shops, shop
D:3:      layout_basic, serial_shops, shop, gup_sewer_entry_pipe
D:4:      layout_loops_ring, minmay_manual_maat
D:5:      cheibrodos_two_vegetables, layout_loops_corners, old_standard_altar,
          gammafunk_ghost_necromancy, chequers_mini_garden,
          corexii_item_surrounded_by_moat, uniq_menkaure, uniq_grinder
D:6:      layout_basic, serial_shops, shop
D:7:      layout_cave_pools, mainiacjoe_overflow_tiny_flanked, temple_hall
D:8:      layout_rooms, lemuel_round_altar
D:9:      layout_loops_ring
D:10:     layout_stronghold, fedhas_altar_2, serial_shops,
          nicolae_shop_bloodbath_and_beyond, uniq_gastronok
Temple:   compressed_dpeg_circular_temple

Skill      XL: |  1  2  3  4  5  6  7  8  9 10 11 |
---------------+----------------------------------+-----
Armour         | 4 |  4.0
Shields        | 4 |  4.0
Fighting       | 4 5 6 7 8 10 11 12 | 12.8
Long Blades    | 3 4 5 6 8 10 11 12 | 12.5
Dodging        | 3 6 7 |  7.4
Invocations    | 3 6 |  6.7

Action                   |  1- 3 |  4- 6 |  7- 9 | 10-12 || total
-------------------------+-------+-------+-------+-------++-------
Melee: Long sword        |    78 |   159 |   386 |     8 ||   631
       Headbutt          |    10 |    32 |    69 |    40 ||   151
       Scimitar          |       |       |       |   119 ||   119
Invok: Recall Undead Har |       |       |       |     2 ||     2
  Use: Scroll            |       |     2 |     6 |       ||     8
       Potion            |       |       |     1 |       ||     1
 Stab: Distracted        |       |       |     2 |     1 ||     3
Armor: Scale mail        |    23 |       |    97 |    38 ||   158
       Plate armour      |    15 |    80 |   122 |       ||   217
Dodge: Dodged            |    31 |    27 |   103 |    64 ||   225
Block: Buckler           |    23 |    30 |    89 |    31 ||   173
